[Event "*** Titled Tuesday Blitz"]
[Site "Chess.com"]
[Date "2021.02.16"]
[Round "7"]
[White "rychessmaster1"]
[Black "MusicCityMaster"]
[Result "1-0"]
[WhiteElo "2546"]
[BlackElo "2384"]
[TimeControl "180+1"]
[EndTime "11:18:14 PST"]
[Termination "rychessmaster1 won by resignation"]

1. d4 Nf6 2. Nc3 c5 3. Bf4 cxd4 4. Qxd4 Nc6 5. Qd2 d6 6. e3 e5 7. Bg3 Be6 8. Nf3 Be7 9. Bb5 O-O 10. O-O Rc8 11. Rad1 Qb6 12. Ng5 a6 13. Nxe6 fxe6 14. Bc4 d5 15. Bb3 Bb4 16. Qd3 e4 17. Nxe4 dxe4 18.
Bxe6+ Kh8 19. Qb3 Na5 20. Qa4 Qxe6 21. Qxb4 Nc4 22. b3 Ne5 23. Rd6 Qf5 24. Rfd1 h5 25. h3 Ng6 26. R6d2 h4 27. Bh2 b5 28. c4 bxc4 29. bxc4 Kh7 30. Qc3 Rc6 31. c5 Rfc8 32. Bd6 Nh5 33. Rd5 Qf6 34. Rxh5+ Kg8 35. Qc4+ Qf7 36.
Qxe4 Re8 37. Qxc6 1-0

[Event "*** Titled Tuesday Blitz"]
[Site "Chess.com"]
[Date "2021.02.16"]
[Round "7"]
[White "frederiksvane"]
[Black "GOGIEFF"]
[Result "1-0"]
[WhiteElo "2720"]
[BlackElo "2890"]
[TimeControl "180+1"]
[EndTime "11:18:16 PST"]
[Termination "frederiksvane won by resignation"]

1. e4 c5 2. Nf3 d6 3. Bb5+ Bd7 4. c4 Nf6 5. Nc3 Nc6 6. d4 cxd4 7. Nxd4 e6 8. Be3 Be7 9. O-O O-O 10. Qe2 Rc8 11.
Rac1 a6 12. Bxc6 bxc6 13. c5 d5 14. e5 Ne8 15. Qxa6 f6 16. Nf3 Nc7 17. Qd3 Be8 18. exf6 gxf6 19. Nd4 e5 20. Nf5 d4 21. Bh6 dxc3 22.
Qg3+ Bg6 23. h4 Kf7 24. Rcd1 Bxf5 25. Rxd8 Rfxd8 26. Qxc3 Nd5 27. Qf3 Ke6 28. Kh2 Rg8 29.
Rc1 Rg4 30. g3 Rcg8 31. Be3 Be4 32. Qe2 Nxe3 33. Qxe3 Bd5 34. b3 R8g6 35. Rd1 f5 36. Re1 f4 37. Qxe5+ Kf7 38. Qxe7+ Kg8 39. Qe8+ Kg7 40.
Re7+ Kf6 41. Qf8+ 1-0

[Event "*** Titled Tuesday Blitz"]
[Site "Chess.com"]
[Date "2021.02.16"]
[Round "7"]
[White "TimKett"]
[Black "NiranjanNavalgund"]
[Result "1-0"]
[WhiteElo "2244"]
[BlackElo "2449"]
[TimeControl "180+1"]
[EndTime "11:18:16 PST"]
[Termination "TimKett won by checkmate"]

1. e4 e5 2. f4 Nc6 3. Nf3 d6 4. Nc3 Nf6 5. Bb5 Bd7 6. d3 exf4 7. Bxf4 Be7 8. Qd2 O-O 9. O-O-O a6 10. Bxc6 Bxc6 11. g4 d5 12. e5 Nxg4 13. Rhg1 d4 14. Ne4 f5 15. exf6 Nxf6 16. Qg2 Rf7 17. Ne5 Bxe4 18.
dxe4 Bd6 19. Nxf7 Bxf4+ 20. Kb1 Qf8 21. Rdf1 Nh5 22. Ne5 Qe7 23. Nd3 Bh6 24. e5 c5 25.
Qd5+ Kh8 26. e6 Rd8 27. Qxh5 c4 28. Ne5 c3 29. Nf7+ Kg8 30. Nxh6+ Kh8 31. Nf7+ Kg8 32. b3 Qa3 33. Rxg7+ Kxg7 34. Qg5+ Kf8 35. Qxd8+ Kg7 36. Qg5+ Kf8 37. Nd6# 1-0

[Event "*** Titled Tuesday Blitz"]
[Site "Chess.com"]
[Date "2021.02.16"]
[Round "7"]
[White "SimplyDevina"]
[Black "karenzadita"]
[Result "0-1"]
[WhiteElo "2229"]
[BlackElo "2387"]
[TimeControl "180+1"]
[EndTime "11:18:16 PST"]
[Termination "karenzadita won on time"]

1. d4 Nf6 2. c4 e6 3. Nc3 d5 4. cxd5 exd5 5. Bg5 c6 6. e3 Bf5 7. Nf3 Be7 8. Be2 Nbd7 9. O-O h6 10. Bh4 O-O 11. a3 Ne4 12. Bxe7 Qxe7 13. Nd2 Ndf6 14. Ncxe4 dxe4 15. Rc1 Rfd8 16. b4 a5 17. Qb3 Be6 18.
Bc4 Bxc4 19. Nxc4 axb4 20. axb4 Nd5 21. b5 Rdb8 22. Ra1 Kh7 23. Rxa8 Rxa8 24. bxc6 bxc6 25. Ne5 Ra3 26. Qc2 Nc3 27. Nxc6 Qc7 28. d5 f5 29.
Qb2 Qd6 30. Nd4 Kg6 31. Nb5 Nxb5 32. Qxb5 Rd3 33. Rc1 Rxd5 0-1

[Event "*** Titled Tuesday Blitz"]
[Site "Chess.com"]
[Date "2021.02.16"]
[Round "7"]
[White "Kapitan_Bayan"]
[Black "platy3"]
[Result "0-1"]
[WhiteElo "2496"]
[BlackElo "2854"]
[TimeControl "180+1"]
[EndTime "11:18:19 PST"]
[Termination "platy3 won by checkmate"]

1. d4 Nf6 2. Nf3 d5 3. c4 e6 4. Nc3 Bb4 5. Bg5 O-O 6. e3 h6 7. Bxf6 Qxf6 8. cxd5 exd5 9. Qb3 Bxc3+ 10. bxc3 c6 11. Be2 Nd7 12. O-O Re8 13. c4 dxc4 14. Bxc4 Nb6 15. Ne5 Nxc4 16. Qxc4 Be6 17. Qb4 Re7 18.
a4 Bd5 19. f3 Rae8 20. e4 Be6 21. a5 a6 22. Rfd1 Rd8 23. Rd3 Rc7 24. Qb6 Qe7 25.
Rad1 f6 26. Ng6 Qd7 27. Nf4 Bf7 28. Ne2 Qe7 29. Nc3 Rcd7 30. Na4 Bc4 31. R3d2 Qa3 32. Nc5 Rxd4 33. Qxd8+ Rxd8 34. Rxd8+ Kh7 35. Nxb7 Qb3 36. R1d7 Qe3+ 37. Kh1 Qe1# 0-1

[Event "*** Titled Tuesday Blitz"]
[Site "Chess.com"]
[Date "2021.02.16"]
[Round "7"]
[White "milenapn"]
[Black "lucachess49"]
[Result "0-1"]
[WhiteElo "2116"]
[BlackElo "2359"]
[TimeControl "180+1"]
[EndTime "11:18:20 PST"]
[Termination "lucachess49 won on time"]

1. e4 e5 2. Nf3 Nc6 3. Bb5 a6 4. Ba4 Nf6 5. d3 d6 6. c3 g6 7.
h3 Bg7 8. Nbd2 O-O 9. Nf1 d5 10.
Ng3 b5 11. Bc2 Bb7 12. O-O Re8 13. Qe2 Qd7 14. Nh2 Rad8 15. Bg5 h6 16. Bxf6 Bxf6 17.
Ng4 Bg7 18. f4 h5 19. Ne3 d4 20. Nd5 h4 21. Nh1 exf4 22. Rxf4 Qxd5 23. Rxh4 Qc5 24. Nf2 dxc3 25. bxc3 Bxc3 26. Rf1 Nd4 27. Qe3 Qe5 28. Ng4 Nf5 29. Rxf5 Bd4 30. Nh6+ Kh7 31. Rxf7+ Kh8 0-1

[Event "*** Titled Tuesday Blitz"]
[Site "Chess.com"]
[Date "2021.02.16"]
[Round "7"]
[White "DenisQ"]
[Black "Lysiak_Poltorak"]
[Result "1-0"]
[WhiteElo "2651"]
[BlackElo "2430"]
[TimeControl "180+1"]
[EndTime "11:18:23 PST"]
[Termination "DenisQ won by resignation"]

1. Nf3 g5 2. Nxg5 e5 3. d4 Be7 4. Ne4 d5 5. Ng3 e4 6. e3 Nf6 7. Be2 Be6 8. c4 c6 9. Nc3 Qd7 10. O-O h5 11. Nxh5 Nxh5 12. Bxh5 Na6 13. cxd5 cxd5 14.
f4 O-O-O 15. f5 Rdg8 16. fxe6 Qxe6 17. Kh1 Bd6 18. h3 Rg5 19. Nb5 Rhxh5 20. Nxd6+ Qxd6 21. Qe2 Nb4 22. Bd2 Nd3 23. Rxf7 Qe6 24. Rf8+ Kd7 25. Qf1 Qg6 26. Qf7+ Qxf7 27. Rxf7+ Ke6 28. Raf1 Rh6 29. Kh2 Nxb2 30. Rxb7 Nd3 31. Rxa7 Rgg6 32. g4 Kd6 33. Kg3 Kc6 34. Ra6+ Kb5 35. Rxg6 Rxg6 36. h4 Kc4 37. h5 Rb6 38. Rh1 Rb2 39. h6 Rxd2 40.
h7 1-0

[Event "*** Titled Tuesday Blitz"]
[Site "Chess.com"]
[Date "2021.02.16"]
[Round "7"]
[White "GianmarcoVaR"]
[Black "Pintacara"]
[Result "1-0"]
[WhiteElo "2652"]
[BlackElo "2492"]
[TimeControl "180+1"]
[EndTime "11:18:24 PST"]
[Termination "GianmarcoVaR won on time"]

1. Nf3 Nf6 2. d4 e6 3. c4 d5 4. cxd5 exd5 5. Nc3 c6 6. Qc2 Nbd7 7. Bf4 Be7 8. e3 O-O 9. Bd3 b6 10. O-O Bb7 11. Ne5 g6 12. Bh6 Re8 13. f4 c5 14.
Rae1 c4 15. Be2 Rc8 16. f5 Nf8 17. Rf3 Ne4 18. fxg6 fxg6 19. Nxe4 dxe4 20. Rf7 Bf6 21.
Rf1 Bxe5 22. dxe5 Bd5 23. Rxf8+ Rxf8 24. Rxf8+ Qxf8 25. Bxf8 Rxf8 26. Bxc4 1-0

[Event "*** Titled Tuesday Blitz"]
[Site "Chess.com"]
[Date "2021.02.16"]
[Round "7"]
[White "MarcoRiehle"]
[Black "MasterKroket"]
[Result "0-1"]
[WhiteElo "2672"]
[BlackElo "2519"]
[TimeControl "180+1"]
[EndTime "11:18:26 PST"]
[Termination "MasterKroket won by checkmate"]

1. e4 c5 2. a3 e6 3. b4 cxb4 4. axb4 Bxb4 5. Bb2 Nf6 6. e5 Nd5 7. c4 Ne7 8. Qg4 Nf5 9. Bd3 h5 10. Qf3 g6 11. Nh3 Nc6 12. O-O b6 13. Nc3 Bb7 14.
Ne4 Be7 15. Nd6+ Bxd6 16. exd6 Rg8 17. Bxf5 gxf5 18. Qxh5 Nd4 19. f3 Qf6 20. Kh1 O-O-O 21. Rxa7 e5 22. c5 b5 23. Bxd4 exd4 24. Rb1 Bc6 25.
Rc7+ Kb8 26. d3 Rde8 27. Rg1 Rg6 28. Ra1 Rh8 29. Re1 Rgg8 30. Qxh8 Rxh8 31. Nf2 Qh4 32.
Kg1 Qxh2+ 33. Kf1 Qg3 34. Rb1 Rg8 35. Rb2 Qxg2+ 36. Ke1 Qg1+ 37. Kd2 Qxf2+ 38. Kc1 Qe1+ 39. Kc2 Rg2+ 40. Kb3 Qc3+ 41. Ka2 Qxb2# 0-1

[Event "*** Titled Tuesday Blitz"]
[Site "Chess.com"]
[Date "2021.02.16"]
[Round "7"]
[White "Skatchkov_V"]
[Black "esapunov"]
[Result "1-0"]
[WhiteElo "2543"]
[BlackElo "2665"]
[TimeControl "180+1"]
[EndTime "11:18:28 PST"]
[Termination "Skatchkov_V won by resignation"]

1. d4 Nf6 2. c4 g6 3. Nf3 Bg7 4. g3 O-O 5. Bg2 d6 6. O-O Nc6 7. Nc3 Bf5 8. Bg5 h6 9. Be3 Ng4 10. Bf4 e5 11. dxe5 dxe5 12. Bd2 g5 13. e4 Be6 14.
Nd5 Nf6 15. Bc3 Nd7 16. b4 Bg4 17. Qd3 a5 18. b5 Bxf3 19. bxc6 Bxg2 20. Kxg2 bxc6 21.
Ne3 Nc5 22. Qc2 Qd3 23. Qxd3 Nxd3 24. Nf5 Rfe8 25. Rad1 Nc5 26. f4 Nxe4 27. Ba1 Rab8 28. Rd7 Nd6 29. Nxg7 Kxg7 30. fxe5 Nxc4 31. Rfxf7+ Kg6 32.
Rf6+ Kh5 33. Rh7 g4 34. Rhxh6+ Kg5 35. Rhg6+ Kh5 36. h4 gxh3+ 37. Kxh3 Ne3 38. Bd4 1-0

[Event "*** Titled Tuesday Blitz"]
[Site "Chess.com"]
[Date "2021.02.16"]
[Round "7"]
[White "TST2014"]
[Black "shaheus"]
[Result "0-1"]
[WhiteElo "2562"]
[BlackElo "2424"]
[TimeControl "180+1"]
[EndTime "11:18:28 PST"]
[Termination "shaheus won by checkmate"]

1. d4 Nf6 2. c4 g6 3. Nc3 Bg7 4. e4 d6 5. Nf3 O-O 6. Be2 e5 7. O-O Nc6 8. d5 Ne7 9. b4 a5 10. bxa5 Rxa5 11. a4 Nh5 12. g3 Bh3 13. Re1 Bg4 14.
Ba3 f5 15. Bb4 Ra8 16. Ng5 Bxe2 17. Rxe2 c5 18. Ne6 Qc8 19. Ba3 Bh6 20. Nxf8 Kxf8 21. Bc1 f4 22. Rb2 Qh3 23. Qf1 Qd7 24. Rab1 Ra7 25.
Qe2 Nf6 26. Rb3 g5 27. f3 g4 28. Bd2 Ng6 29. Be1 Kg8 30. fxg4 Nxg4 31. Qb2 Ne3 32. Rxb7 Rxb7 33. Qxb7 Qh3 34. Qb2 Qf1# 0-1

[Event "*** Titled Tuesday Blitz"]
[Site "Chess.com"]
[Date "2021.02.16"]
[Round "7"]
[White "Alexander_Moskalenko"]
[Black "FMKonstantin_Twitch"]
[Result "1-0"]
[WhiteElo "2764"]
[BlackElo "2592"]
[TimeControl "180+1"]
[EndTime "11:18:30 PST"]
[Termination "Alexander_Moskalenko won by resignation"]

1. d4 Nf6 2. c4 g6 3. g3 Bg7 4. Bg2 O-O 5. Nc3 d5 6. cxd5 c6 7. dxc6 Nxc6 8. d5 Nb4 9. a3 Na6 10. Nf3 Nc5 11. O-O Bd7 12. Nd4 Rc8 13. b4 Na6 14. Bb2 Qb6 15. e3 Rfd8 16. Qb3 Nc7 17. Rfd1 Bg4 18. Rd2 e5 19. dxe6 Nxe6 20. Na4 Qa6 21.
Bf1 Qd6 22. h3 Bh5 23. Bg2 Ng5 24. Nc5 Qe7 25. g4 Bxg4 26. hxg4 b6 27. Nb7 Rd7 28. Nc6 Rxc6 29. Rxd7 Qxd7 30. Rd1 Qxg4 31. Rd8+ Bf8 32. Qd1 Nh3+ 33. Kf1 Qf5 34. Qf3 Qb1+ 35. Rd1 Qxb2 36. Bxh3 Rc2 37. Nd8 Be7 38. Nc6 Ne4 39. Nxe7+ Kg7 40.
Qxe4 Rxf2+ 41. Kg1 Rh2 42. Bg2 Rxg2+ 43. Qxg2 Qe5 44.
Nd5 h5 45. Qf3 Qg5+ 46. Kf1 Qh4 47. Qf6+ Qxf6+ 48. Nxf6 Kxf6 49. Rd7 1-0

[Event "*** Titled Tuesday Blitz"]
[Site "Chess.com"]
[Date "2021.02.16"]
[Round "7"]
[White "IwkooO"]
[Black "GameOverBro"]
[Result "1-0"]
[WhiteElo "2618"]
[BlackElo "2429"]
[TimeControl "180+1"]
[EndTime "11:18:30 PST"]
[Termination "IwkooO won by resignation"]

1. e4 d6 2. d4 Nf6 3. Nc3 e5 4. Nf3 Nbd7 5. Bc4 Be7 6. O-O c6 7. a4 h6 8. Re1 Qc7 9. h3 g5 10. dxe5 dxe5 11. Nh2 Nf8 12. Qf3 Ng6 13. Ng4 Bxg4 14.
hxg4 Qd7 15. Qf5 Rd8 16. Be3 b6 17. Qxd7+ Nxd7 18. Red1 Bc5 19. Bxc5 bxc5 20. Rd6 Rc8 21. Bxf7+ Ke7 22. Rxd7+ Kxd7 23. Bxg6 Rb8 24. b3 Ke7 25. Kf1 c4 26. Rb1 cxb3 27. cxb3 Rhd8 28. Ke2 Rd4 29. Bf5 Kd6 30. Bg6 Kc5 31. Bf7 Kb4 32. Nd1 Ka3 33.
Ne3 Rbd8 34. Nc2+ Ka2 35. Nxd4 Kxb1 36. Nxc6 Rc8 37. Bd5 a6 38. Nxe5 Rc2+ 39. Ke3 Rc3+ 40. Nd3 Kc2 41. Bc4 Kd1 42. e5 Rc2 43. e6 Re2+ 44. Kd4 a5 45. Ne5 1-0

[Event "*** Titled Tuesday Blitz"]
[Site "Chess.com"]
[Date "2021.02.16"]
[Round "7"]
[White "catzapto"]
[Black "akhairat"]
[Result "1/2-1/2"]
[WhiteElo "2101"]
[BlackElo "2330"]
[TimeControl "180+1"]
[EndTime "11:18:30 PST"]
[Termination "Game drawn by repetition"]

1. e4 e5 2. Nf3 Nc6 3. d4 exd4 4. Bc4 Nf6 5. e5 d5 6. Bb5 Ne4 7. Nxd4 Bc5 8. Nxc6 Bxf2+ 9. Kf1 bxc6 10. Bxc6+ Kf8 11.
Qd3 Rb8 12. Bxd5 Nc5 13. Qf3 Ne6 14. Kxf2 c6 15. Bxe6 Bxe6 16. Nc3 Qb6+ 17. Qe3 Qb4 18. a3 Qh4+ 19. Qg3 Qe7 20. b4 a5 21. Bg5 Qa7+ 22. Be3 Qa6 23. Bc5+ Kg8 24. Ne4 g6 25. Qg5 h5 26. Nf6+ Kg7 27. Nxh5+ Rxh5 28. Qf6+ Kg8 29. g4 Bxg4 30. Rae1 Rf5+ 31. Qxf5 Bxf5 32. h4 axb4 33.
h5 bxa3 34. hxg6 fxg6 35. e6 a2 36. e7 Re8 37. Bd4 Qc4 38. Rh8+ Kf7 39. Rh7+ Kg8 40. Rh8+ Kf7 41. Rh7+ Kg8 42. Rh8+ 1/2-1/2

[Event "*** Titled Tuesday Blitz"]
[Site "Chess.com"]
[Date "2021.02.16"]
[Round "7"]
[White "Deepweb2020"]
[Black "ljuks68"]
[Result "0-1"]
[WhiteElo "2518"]
[BlackElo "2400"]
[TimeControl "180+1"]
[EndTime "11:18:31 PST"]
[Termination "ljuks68 won by checkmate"]

1. Nf3 d5 2. c4 c6 3. g3 Nf6 4.
Bg2 Bf5 5. O-O e6 6. b3 Nbd7 7.
Bb2 a5 8. Nc3 Bc5 9. d4 Be7 10.
Nh4 Bg4 11. Qd2 Bh5 12. f4 O-O 13. Rae1 a4 14. Nxa4 Ne4 15. Bxe4 dxe4 16. Ng2 b5 17. Nc3 bxc4 18. bxc4 Nb6 19. Ne3 f5 20. Ra1 Bf6 21. Rfd1 Rb8 22. a4 c5 23. d5 exd5 24. cxd5 Bd4 25.
Nb5 Nc4 26. Bxd4 Nxd2 27. Be5 Nb3 28. Bxb8 Nxa1 29. Bc7 Qd7 30. Rxa1 Bxe2 31. Bd6 Ra8 32. Nc7 Qxd6 33. Nxa8 Qb8 34. Kf2 Bd3 35. Nxf5 Qb2+ 36.
Ke3 Qe2# 0-1

[Event "*** Titled Tuesday Blitz"]
[Site "Chess.com"]
[Date "2021.02.16"]
[Round "7"]
[White "MF1966Idrisov"]
[Black "esteban062000"]
[Result "0-1"]
[WhiteElo "2353"]
[BlackElo "2175"]
[TimeControl "180+1"]
[EndTime "11:18:31 PST"]
[Termination "esteban062000 won by resignation"]

1. Nf3 c5 2. b3 d5 3. Bb2 Nc6 4. e3 Nf6 5. d4 cxd4 6. exd4 Bg4 7. Be2 e6 8. O-O Bd6 9. Ne5 Bxe2 10. Qxe2 O-O 11. Nd2 Ne7 12. c4 dxc4 13. Ndxc4 Ng6 14. g3 Rc8 15. Rac1 Be7 16. h4 b5 17. Ne3 a6 18.
Rfe1 Nxe5 19. dxe5 Nd5 20. Red1 Rxc1 21. Rxc1 Nxe3 22. Qxe3 Qa5 23. Qc3 Bb4 24. Qc2 g6 25. a4 bxa4 26. bxa4 Rd8 27. Rd1 Be7 28. Rxd8+ Qxd8 29. Bc1 Qa5 30. Bh6 Qd8 31. Kg2 Bf8 32. Bxf8 Kxf8 33.
Qc5+ Kg7 34. a5 Qd5+ 35. Qxd5 exd5 36. f4 Kf8 37. Kf3 Ke7 38. Ke3 Ke6 39. g4 h5 40.
gxh5 gxh5 41. Kd4 Kf5 42. Kxd5 Kxf4 43. Kd6 Kf5 44. Kd5 Kg4 45. Ke4 Kxh4 46. Kf4 Kh3 47. Kf5 Kg3 48. Kf6 h4 49. Kxf7 h3 50. e6 h2 51. e7 h1=Q 52. e8=Q Qh5+ 53. Ke7 Qe5+ 54. Kd8 Qxa5+ 55. Kc8 Qc5+ 56. Kd8 Qd6+ 57. Kc8 Qc5+ 58.
Kd8 Qd5+ 59. Kc8 Qa8+ 60. Kd7 Qxe8+ 61. Kxe8 a5 0-1

[Event "*** Titled Tuesday Blitz"]
[Site "Chess.com"]
[Date "2021.02.16"]
[Round "7"]
[White "szefru"]
[Black "InitiatingASC"]
[Result "0-1"]
[WhiteElo "2258"]
[BlackElo "2426"]
[TimeControl "180+1"]
[EndTime "11:18:32 PST"]
[Termination "InitiatingASC won by resignation"]

1. d4 Nf6 2. b3 e6 3. Bb2 b6 4. Nd2 Bb7 5. Ngf3 Be7 6. e3 O-O 7. Bd3 c5 8. c4 cxd4 9. exd4 d6 10.
O-O Nbd7 11. Re1 Qc7 12. Rc1 Rfe8 13. h3 Rac8 14. Nf1 Qc6 15. Ng3 Nf8 16. Kh2 Ng6 17. Rg1 Nf4 18. Bf1 Ne4 19. Nxe4 Qxe4 20. Bc3 Bf6 21.
Qd2 Qf5 22. Qe3 Nxh3 23. Bd3 Qh5 24. gxh3 Bxf3 25. Rg3 Bb7 26. Rcg1 g6 27. Be2 Qf5 28. Bd3 Qh5 29. Be2 Qh4 30. Rg4 Qh5 31.
Rxg6+ Qxg6 32. Rxg6+ hxg6 33. Bb4 d5 34. Bf3 Red8 35.
Qf4 Bg7 36. c5 e5 37. dxe5 bxc5 38. Ba5 Re8 39. e6 Rxe6 40. Bg4 Be5 41. Qxe5 Rxe5 42. Bxc8 Bxc8 43. Bc7 Re2 44. Kg3 Rxa2 0-1

[Event "*** Titled Tuesday Blitz"]
[Site "Chess.com"]
[Date "2021.02.16"]
[Round "7"]
[White "ObligatePawnivore"]
[Black "stepakyedael"]
[Result "0-1"]
[WhiteElo "1801"]
[BlackElo "2332"]
[TimeControl "180+1"]
[EndTime "11:18:33 PST"]
[Termination "stepakyedael won on time"]

1. c4 Nf6 2. Nc3 g6 3. e4 d6 4. d4 Bg7 5. h3 O-O 6. Be3 Na6 7.
g4 e5 8. d5 Ne8 9. Nge2 c6 10.
Ng3 cxd5 11. cxd5 Nac7 12. h4 b5 13. h5 b4 14. Na4 Ba6 15. Qd2 Bxf1 16. Kxf1 Qd7 17.
b3 Qxg4 18. Bh6 f5 19. Bxg7 Nxg7 20. hxg6 hxg6 21. Rc1 Nb5 22. Qh6 fxe4 23. Kg1 Nc3 24. Qh7+ Kf7 25. Rh4 Qf3 26. Nxc3 bxc3 27. Rh6 Qg4 28.
Rxc3 Rac8 29. Rc6 Qd1+ 30. Kh2 Qg4 31. Rxd6 Rc2 32. Qxg6+ Qxg6 33. Rdxg6 Rxf2+ 34. Kg1 e3 35. Ne4 Rf5 36. Nd6+ Kg8 37. Nxf5 Rxf5 38. Rh2 Kf7 39. Re2 Kxg6 40. Rxe3 Nh5 41. d6 Rf6 42. d7 Rd6 0-1

[Event "*** Titled Tuesday Blitz"]
[Site "Chess.com"]
[Date "2021.02.16"]
[Round "7"]
[White "Mazetovic"]
[Black "DrVelja"]
[Result "0-1"]
[WhiteElo "2698"]
[BlackElo "2873"]
[TimeControl "180+1"]
[EndTime "11:18:34 PST"]
[Termination "DrVelja won on time"]

1. e4 c6 2. d4 d5 3. e5 Bf5 4.
Nf3 e6 5. Be2 c5 6. Be3 Qb6 7. O-O Qxb2 8. c4 Nc6 9. dxc5 d4 10.
Nxd4 O-O-O 11. Qb3 Qxa1 12. Nxc6 bxc6 13. Nc3 Qxf1+ 14.
Kxf1 Ne7 15. Qa4 Rd7 16. Qa6+ Kb8 17. g4 Bg6 18. Bf3 Rc7 19. a4 h5 20. h3 hxg4 21. hxg4 Rh3 22. Kg2 Rxf3 23. Kxf3 Bd3 24. Bf4 Ng6 25. Bg3 Bxc5 26. Ne4 Bb4 27. Nd6 Nf8 28. Bh4 f6 29. Ke3 Bf1 30. f4 Nd7 31.
Ne4 Ka8 32. exf6 gxf6 0-1

[Event "*** Titled Tuesday Blitz"]
[Site "Chess.com"]
[Date "2021.02.16"]
[Round "7"]
[White "lilleper1"]
[Black "ChessWarrior7197"]
[Result "0-1"]
[WhiteElo "2836"]
[BlackElo "2956"]
[TimeControl "180+1"]
[EndTime "11:18:35 PST"]
[Termination "ChessWarrior7197 won by resignation"]

1. d4 d5 2. c4 e6 3. Nf3 Nf6 4. g3 Bb4+ 5. Bd2 a5 6. Bg2 O-O 7. a3 Be7 8. Qc2 c6 9. O-O Nbd7 10. Bf4 Ne4 11. Nc3 f5 12. Nxe4 fxe4 13. Ne5 Bf6 14. Nxd7 Bxd7 15. Rad1 Be8 16. f3 exf3 17. exf3 Bg6 18.
Qe2 Re8 19. c5 b6 20. Be5 bxc5 21. dxc5 Bxe5 22. Qxe5 Rb8 23. Rfe1 Qf6 24. Qd6 e5 25. Qxf6 gxf6 26. Rd2 Rb5 27. Rc1 Reb8 28. Bh3 Rxb2 29. Rxb2 Rxb2 30. Bd7 d4 31. Bxc6 Kf8 32. Ba4 Ke7 33. c6 Rb1 34. Rxb1 Bxb1 35. c7 Bf5 36. Bc2 Bd7 37. Bxh7 Kd6 38. Bd3 Kxc7 39. h4 Kd6 40. h5 Ke7 41. h6 Kf7 42. g4 Bc6 43. Kf2 Kg8 44. Kg3 Kh8 45. Kf2 Bd5 46. Kg3 Bb7 47. Kf2 Bc6 48. Kg3 Bd5 49. Kf2 Bg8 50. Kg3 Bh7 51.
Bxh7 Kxh7 52. f4 Kxh6 53. g5+ Kg6 54. gxf6 e4 0-1

[Event "*** Titled Tuesday Blitz"]
[Site "Chess.com"]
[Date "2021.02.16"]
[Round "7"]
[White "FredyMatsuura"]
[Black "Bacyanide"]
[Result "1-0"]
[WhiteElo "2313"]
[BlackElo "2415"]
[TimeControl "180+1"]
[EndTime "11:18:35 PST"]
[Termination "FredyMatsuura won on time"]

1. d4 f5 2. e3 Nf6 3. Be2 g6 4. h4 Bg7 5. h5 O-O 6. hxg6 d6 7. gxh7+ Kh8 8. Nc3 Ne4 9. Nxe4 fxe4 10. f3 Bf5 11. fxe4 Bxe4 12. Nf3 Nc6 13. Bd3 d5 14. Bd2 Qd6 15.
Rh3 e5 16. Bxe4 dxe4 17. Nh4 exd4 18. Qh5 Rf6 19. O-O-O Rh6 20. Qg5 Qf6 21. exd4 Qxg5 22. Bxg5 Rxh7 23. Ng6+ Kg8 24. d5 Rxh3 25. gxh3 Nb4 26.
a3 Na6 27. h4 Re8 28. h5 e3 29.
Re1 Bd4 30. c3 Bb6 31. b4 Nb8 32. Kc2 Nd7 33. c4 1-0

[Event "*** Titled Tuesday Blitz"]
[Site "Chess.com"]
[Date "2021.02.16"]
[Round "7"]
[White "ARTHURMOTIVATOR"]
[Black "eldur16"]
[Result "1-0"]
[WhiteElo "2328"]
[BlackElo "2481"]
[TimeControl "180+1"]
[EndTime "11:18:35 PST"]
[Termination "ARTHURMOTIVATOR won on time"]

1. e4 Nf6 2. Nc3 e5 3. g3 Bc5 4.
Bg2 a6 5. Nge2 d6 6. O-O Nc6 7. d3 O-O 8. h3 Nd4 9. Kh2 h6 10. f4 c6 11. Nxd4 Bxd4 12. Ne2 Ba7 13. f5 d5 14. Qe1 dxe4 15. dxe4 Qe7 16. g4 Nh7 17. Ng3 Bd7 18. Nh5 f6 19. Rf3 Be8 20. Bf1 Bf7 21. h4 Rad8 22. Bd3 b5 23. Qg3 c5 24. Nxg7 c4 25.
Bxh6 cxd3 26. cxd3 Rc8 27. g5 Rc2+ 28. Kh3 fxg5 29.
hxg5 Kh8 30. g6 Nf6 31. Rh1 Bxa2 32. Qh4 Kg8 33. Nh5 Rc6 34. Bg5 1-0

[Event "*** Titled Tuesday Blitz"]
[Site "Chess.com"]
[Date "2021.02.16"]
[Round "7"]
[White "AlexTriapishko"]
[Black "EvgenyT"]
[Result "0-1"]
[WhiteElo "2832"]
[BlackElo "2941"]
[TimeControl "180+1"]
[EndTime "11:18:36 PST"]
[Termination "EvgenyT won on time"]

1. d4 Nf6 2. c4 e6 3. Nf3 b6 4. g3 Bb7 5. Bg2 Bb4+ 6. Bd2 a5 7. O-O O-O 8. Bg5 Be7 9. Nc3 Ne4 10. Bxe7 Qxe7 11.
Rc1 d6 12. Nb5 c6 13. Nc3 Nxc3 14. bxc3 Nd7 15. Nd2 Rfc8 16. Rb1 Rab8 17. a4 Ba6 18. Qc2 d5 19. Qa2 g6 20. Rfe1 dxc4 21. Nxc4 Bxc4 22.
Qxc4 b5 23. Qb3 b4 24. cxb4 Rxb4 25. Qc3 Rxa4 26. Rb7 Qd6 27. e3 c5 28. Rc1 c4 29.
h4 Ra3 30. Qb2 c3 31. Qb5 Nf6 32. Rb6 Qd7 33. Qxd7 Nxd7 34. Rb7 Nf6 35. Bf3 a4 36. g4 Rb3 37. Ra7 c2 38. g5 Rb1 0-1

[Event "*** Titled Tuesday Blitz"]
[Site "Chess.com"]
[Date "2021.02.16"]
[Round "7"]
[White "Margency"]
[Black "crazy_but_lazy"]
[Result "1-0"]
[WhiteElo "2681"]
[BlackElo "2499"]
[TimeControl "180+1"]
[EndTime "11:18:36 PST"]
[Termination "Margency won by resignation"]

1. e4 c5 2. Nf3 d6 3. d4 cxd4 4. Nxd4 Nf6 5. Nc3 a6 6. Be3 e5 7.
Nb3 Be6 8. f3 Nbd7 9. g4 b5 10.
g5 Nh5 11. Qd2 Be7 12. O-O-O O-O 13. Kb1 b4 14. Nd5 Bxd5 15. exd5 a5 16. Rg1 a4 17.
Nc1 Qb8 18. Rg4 b3 19. cxb3 axb3 20. Nxb3 Nf4 21. h4 f5 22. Rg1 Ra4 23. Rc1 Re8 24. Rc4 Rxc4 25. Bxc4 Rc8 26. Na5 Rxc4 27. Nxc4 Bf8 28.
Rc1 Qb7 29. Bxf4 exf4 30. Na5 Qb5 31. Rc8 Nb6 32. Rc1 Na4 33. Nc6 g6 34. Qb4 Qd3+ 35.
Ka1 Nc5 36. Qc3 Qxd5 37. Nb4 h6 38. Nxd5 1-0

[Event "*** Titled Tuesday Blitz"]
[Site "Chess.com"]
[Date "2021.02.16"]
[Round "7"]
[White "Ladislav1969"]
[Black "Sergienko_Sergey"]
[Result "1-0"]
[WhiteElo "2326"]
[BlackElo "2425"]
[TimeControl "180+1"]
[EndTime "11:18:36 PST"]
[Termination "Ladislav1969 won by resignation"]

1. e4 c5 2. d4 cxd4 3. c3 Nf6 4. e5 Nd5 5. Nf3 Nc6 6. Bc4 Nb6 7. Bb3 d5 8. exd6 e6 9. Nxd4 Nxd4 10. Qxd4 Qxd6 11.
Be3 Qxd4 12. Bxd4 Be7 13. Bxg7 Rg8 14. Be5 Rxg2 15. Bg3 Bd7 16. Nd2 Bc6 17. Ke2 O-O-O 18. Nf3 h5 19. Rhd1 h4 20. Nxh4 Bxh4 21. Bxh4 Rxd1 22.
Rxd1 Rg4 23. Rd8+ Kc7 24. Rh8 Nd5 25. Bg3+ Kb6 26. h3 Rg6 27. h4 f5 28. Be5 f4 29. h5 Rg5 30. Bd4+ Kc7 31. h6 e5 32. Bc5 e4 33. h7 Rh5 34. Bd4 f3+ 35. Kd2 e3+ 36. Bxe3 Nxe3 37. Kxe3 Kb6 38. Bc2 1-0

[Event "*** Titled Tuesday Blitz"]
[Site "Chess.com"]
[Date "2021.02.16"]
[Round "7"]
[White "Alex-11211"]
[Black "Godzillator"]
[Result "0-1"]
[WhiteElo "2392"]
[BlackElo "2287"]
[TimeControl "180+1"]
[EndTime "11:18:36 PST"]
[Termination "Godzillator won on time"]

1. e4 c6 2. d4 d5 3. Nc3 dxe4 4.
Nxe4 Bf5 5. Ng3 Bg6 6. Nf3 Nf6 7. h4 h6 8. Ne5 Bh7 9. Bd3 Bxd3 10. Qxd3 Nbd7 11.
f4 e6 12. Bd2 Be7 13. O-O-O Nd5 14. h5 Nxe5 15. dxe5 Qb6 16. Ne4 O-O-O 17. Qb3 Qa6 18. a3 Rd7 19. Be3 Rhd8 20. Bc5 Nxf4 21. Rxd7 Rxd7 22.
Bxe7 Ne2+ 23. Kb1 Rxe7 24. Nd6+ Kb8 25. Qe3 c5 26. c3 f6 27. Re1 fxe5 28. Qxe5 Nxc3+ 29. bxc3 Ka8 30. Ka2 Qc6 31. Re2 a6 32. Ne4 Rd7 33.
Qxc5 Qa4 0-1